 Dungeon Crawl Stone Soup version 0.32-a0-38-gb04dd89b9b (webtiles) character file.

Game seed: 12112427830768781160

25 mightbedylan the Firebug (level 2, -3/20 HPs)
             Began as a Draconian Fire Elementalist on Jan 23, 2024.
             Slain by a cerulean imp
             ... wielding a +2 spear
             ... summoned by Natasha
              (5 damage)
             ... on level 2 of the Dungeon.
             The game lasted 00:04:57 (810 turns).

mightbedylan the Firebug (DrFE)                      Turns: 810, Time: 00:04:57

Health: -3/20      AC:  4    Str:  7 (10) XL:     2   Next: 82%
Magic:  2/5        EV: 12    Int: 12 (15) God:
Gold:   69         SH:  0    Dex: 10 (11) Spells: 4/5 levels left

rFire   . . .        (no weapon)
rCold   . . .        (no shield)
rNeg    . . .        (body armour unavailable)
rPois   .            (helmet restricted)
rElec   .            (no cloak)
rCorr   .            (no gloves)
SInv    .            (no boots)
Will    .....        (no amulet)
Stlth   ++           (no ring)
HPRegen 0.23/turn    (no ring)
MPRegen 0.09/turn

%: no passive effects
@: no status effects
A: AC +4, unfitting armour, cold-blooded
a: no special abilities


You were on level 2 of the Dungeon.
You visited 1 branch of the dungeon, and saw 2 of its levels.

You collected 69 gold pieces.

Inventory:

Potions
 a - a potion of magic
 c - a potion of cancellation {unknown}
 d - a potion of lignification {unknown}


   Skills:
 + Level 2.1 Dodging
 + Level 2.1 Stealth
 + Level 2.2 Spellcasting
 + Level 1.4 Conjurations
 + Level 3.2 Fire Magic


You had 4 spell levels left.
You knew the following spells:

 Your Spells              Type           Power      Damage    Failure   Level
a - Foxfire               Conj/Fire      28%        2x1d5     10%         1

Your spell library contained the following spells:

 Spells                   Type           Power      Damage    Failure   Level
 Scorch                   Fire           18%        2d5       11%         2
 Inner Flame              Hex/Fire       5%         N/A       38%         3
 Volatile Blastmotes      Fire/Tloc      10%        2d10      38%         3
 Flame Wave               Conj/Fire      7%         2d5       69%         4


Dungeon Overview and Level Annotations

Branches:
Dungeon (2/15)

Altars:

Annotations:
D:2 Natasha


Innate Abilities, Weirdness & Mutations

Your plain brown scales are hard. (AC +4)
You cannot fit into any form of body armour.
You are cold-blooded and may be slowed by cold attacks.


Message History

The cerulean imp is lightly wounded.
Casting: Foxfire (safe; 9% risk of failure)
Confirm with . or Enter, or press ? or * to list all spells.
You conjure some foxfire!
The cerulean imp hits you but does no damage.
The foxfire hits the cerulean imp but does no damage.
The cerulean imp is lightly wounded.
The foxfire hits the cerulean imp.
The cerulean imp is moderately wounded.
The cerulean imp barely misses you.
The air fills with toxic fumes!
As you read the scroll labelled VIRAGU VURUF, it crumbles to dust.
It was a scroll of poison.
The cerulean imp hits you from afar with a +1 spear.
Natasha mumbles some strange words.
Natasha's front paws start to glow.
Natasha casts a spell.
Casting: Foxfire (safe; 9% risk of failure)
Confirm with . or Enter, or press ? or * to list all spells.
There is not enough space to conjure foxfire!
You hit Natasha but do no damage. You tail-slap Natasha.
Natasha is severely wounded.
The cerulean imp barely misses you.
Natasha howls an incantation.
Natasha glows brightly for a moment.
Natasha casts a spell at you. You resist with significant effort.
The cerulean imp barely misses you.
You closely miss Natasha.
Natasha is severely wounded.
The cerulean imp closely misses you. Natasha claws you.
The cerulean imp hits you with a +2 spear.
It was a potion of degeneration.
There was something very wrong with that liquid.
You feel weakened.
You feel dopey.
You feel clumsy.
The cerulean imp hits you from afar with a +1 spear.
* * * LOW HITPOINT WARNING * * *
Natasha claws you.
* * * LOW HITPOINT WARNING * * *
The cerulean imp hits you with a +2 spear.
You die...

#.# #.#≈≈≈≈ ≈≈≈ . #§#
#.#~≈#≈≈#≈# .. ##§# #..#
≈≈≈≈≈#... §§#
#..###≈≈#≈#... .♣. #§#
#....#≈##..... ♣..
###§###.............
§§§##.§5§......##..####.
#§§§.#h###.#...#.<####.
#§r§§5@# #.#.#......##.
##§##### #........#.##.
#.##############.#....
##).......# #......
#...#####.# ###.###
##.#.#####.##### ......
###..#....##.....#
#.#.##.
♣#....#....##...>.#
#.#....
♣..#######....)...# #
##...


You could see Natasha, 2 cerulean imps and a quokka.

Vanquished Creatures
  3 ball pythons (D:1)
  4 endoplasms
  2 goblins
  4 hobgoblins (D:1)
  A quokka (D:1)
  A frilled lizard (D:1)
  4 kobolds (D:1)
  2 rats
21 creatures vanquished.

Vanquished Creatures (others)
  58 foxfires
58 creatures vanquished.

Grand Total: 79 creatures vanquished

Notes
Turn   | Place    | Note
-------+----------+-------------------------------------------
     0 | D:1      | mightbedylan the Draconian Fire Elementalist began the
                  | quest for the Orb.
     0 | D:1      | Reached XP level 1. HP: 14/14 MP: 3/3
   223 | D:1      | Reached XP level 2. HP: 20/20 MP: 3/5
   797 | D:2      | Noticed Natasha
   810 | D:2      | Slain by a cerulean imp

Illustrated notes

Levels and vault maps discovered:
D:1:      heliophobic_arrival_ceremonial_halls, layout_rooms
D:2:      layout_loops_cross, serial_forest, infiniplex_forest_split,
          infiniplex_forest_lined_room_3, infiniplex_forest_split,
          infiniplex_forest_end_double, infiniplex_forest_lined_corner,
          infiniplex_forest_end_3, infiniplex_forest_end_2,
          infiniplex_forest_pool, minivault_4, kennysheep_generic_room_7,
          uniq_natasha

Skill      XL: |  1  2 |
---------------+-------+-----
Stealth        | 2 |  2.1
Dodging        | 2 |  2.1
Spellcasting   | |  2.2
Conjurations   | |  1.4
Fire Magic     | |  3.2

Action                     || total
---------------------------++-------
  Melee: Unarmed           ||    10
         Tailslap          ||     2
   Cast: Foxfire           ||    30
    Use: Scroll            ||     1
         Potion            ||     1
 Armour: Skin              ||    25
  Dodge: Dodged            ||    24

Table legend: (Time is in decaauts)
 A = Elapsed time spent in this place.
 B = Non-inter-level travel time spent in this place.
 C = Inter-level travel time spent in this place.
 D = Time resting spent in this place.
 E = Time spent auto-exploring this place.
 F = Levels seen in this place.
 G = Mean time per level.
                   A        B        C        D        E       F      G
               +--------+--------+--------+--------+--------+-----+--------+
         Total |    809 |    793 |     16 |      0 |    602 |   2 |  404.5 |
       Dungeon |    809 |    793 |     16 |      0 |    602 |   2 |  404.5 |
               +--------+--------+--------+--------+--------+-----+--------+

Top non-repeatable levels by time:
     D:1: 656 daAuts
     D:2: 153 daAuts
